Cogmind - Beta 17.1 @@@ ROGUE MODE // 2026.09.14 @ 19:08:05 Player: Talon Java Result: Self-destructed Performance ------------- Evolutions (5) 2500 Regions Visited (14) 2800 Robots Destroyed (186) 930 Value Destroyed (6812) 6812 Prototype IDs (26) 520 Alien Tech Used (0) 0 Bonus (2646) 2646 TOTAL SCORE: 16208 Bonus ------- High Alert Combat Kills 350 Follower Combat Kills 2171 Network Hubs Disabled 400 Registered with UFD 300 Met Optimus in HQ 500 Built Enhanced Grunts 300 A7 Reached Mainframe 300 Friendly Fire -1675 Cogmind --------- Core Integrity 535/1000 Matter 300/300 Energy 70/100 System Corruption 25% Temperature Warm (103) Movement Treading (225) Ox1 Location -5/Factory Parts ------- > --- POWER (2) -------- (None) > --- PROPULSION (4) --- Biometal Medium Treads > --- UTILITY (7) ------ Advanced Heat Sink Improved Coolant Injector High-capacity Storage Unit Advanced Signal Interpreter Improved Hacking Suite > --- WEAPON (4) ------- Plasma Rifle Plasma Rifle Heavy Beamcaster > --- INVENTORY (20) --- Light Fission Core Improved Heat Sink Advanced Heat Sink Deep Structural Scanner Improved Sensor Array Transmission Jammer Shield Generator Mapping Drone Bay (3/3) Heavy Beamcaster Advanced Plasma Cannon KE Penetrator Rocket Launcher CPS Tube (2) Heavy Pick Peak State ------------ > --- POWER ------------ Fission Core Neutrino Core > --- PROPULSION ------- Light Treads Improved Treads Centrium Heavy Treads > --- UTILITY ---------- Advanced Heat Sink Advanced Heat Sink High-capacity Storage Unit Layered Medium Armor Plating Improved Hacking Suite Improved Hacking Suite Improved System Shield > --- WEAPON ----------- Shock Rifle Tesla Rifle Tesla Rifle Improved Arc Projector > --- INVENTORY -------- Armored Wheel Improved Coolant Injector Energy Well Deep Structural Scanner Enhanced Optical Array Improved Sensor Array Advanced Signal Interpreter Layered Light Armor Plating Improved Focal Shield Improved Hacking Suite Improved System Shield Mapping Drone Bay Plasma Rifle Long-range Proton Cannon Neutron Cannon Rocket Launcher Advanced Datajack CPS Tube Ripper Heavy Pick [Rating: 93] Favorites ----------- Power Cooled Ion Engine Engine Cooled Ion Engine Power Core Neutrino Core Propulsion Light Treads Treads Light Treads Leg Aluminum Leg Wheel Wheel Utility High-capacity Storage Unit Device Heat Sink Storage High-capacity Storage Unit Processor Advanced Signal Interpreter Hackware Improved Hacking Suite Protection Hardened Medium Armor Plating Weapon Advanced Beam Cannon Energy Gun Plasma Rifle Energy Cannon Advanced Beam Cannon Ballistic Gun Battle Rifle Ballistic Cannon Light Cannon Launcher Rocket Launcher Special Weapon CPS Tube Slashing Weapon Ripper Piercing Weapon Heavy Pick Special Melee Weapon Datajack Build | -11 -10 -10 -9 -9 -9 -9 -6 -6 -6 -6 -6 -5 -5 -5 ------- Run | Yrd Mat Min Mat Sto Rec Scr Fac Ext Cet Arc Hub Fac Was Fac Slots Evolved 10 | . . . 2 . . . 6 . . . . 2 . . Power 1 | . . . . . . . . . . . . 1 . . Propulsion 2 | . . . 1 . . . 1 . . . . . . . Utility 5 | . . . 1 . . . 3 . . . . 1 . . Weapon 2 | . . . . . . . 2 . . . . . . . Parts Attached 177 | 1 12 4 10 16 3 10 33 19 5 10 8 21 12 13 Power 13 | . 2 1 . 1 . 1 1 1 . 1 . 3 1 1 Engine 5 | . 2 . . 1 . 1 . . . 1 . . . . Core 8 | . . 1 . . . . 1 1 . . . 3 1 1 Reactor . | . . . . . . . . . . . . . . . Propulsion 48 | . 4 . 4 6 2 4 8 9 2 2 1 3 2 1 Treads 35 | . 2 . 4 6 2 3 6 4 1 2 1 1 2 1 Leg 3 | . 2 . . . . 1 . . . . . . . . Wheel 10 | . . . . . . . 2 5 1 . . 2 . . Hover . | . . . . . . . . . . . . . . . Flight . | . . . . . . . . . . . . . . . Utility 53 | 1 3 1 2 4 1 3 9 2 1 7 4 4 5 6 Device 30 | 1 2 . 1 2 1 2 7 2 . 5 . 3 1 3 Storage 4 | . 1 1 1 . . . . . . . 1 . . . Processor 2 | . . . . . . . . . . . . . 1 1 Hackware 8 | . . . . 1 . . 2 . . 1 3 . . 1 Protection 9 | . . . . 1 . 1 . . 1 1 . 1 3 1 Artifact . | . . . . . . . . . . . . . . . Weapon 63 | . 3 2 4 5 . 2 15 7 2 . 3 11 4 5 Energy Gun 28 | . 1 1 . . . . 5 7 1 . 2 8 . 3 Energy Cannon 13 | . . 1 1 4 . 1 4 . . . 1 1 . . Ballistic Gun 13 | . 1 . . . . . 5 . 1 . . . 4 2 Ballistic Cannon 3 | . 1 . 1 . . . 1 . . . . . . . Launcher 1 | . . . 1 . . . . . . . . . . . Special Weapon 1 | . . . . . . 1 . . . . . . . . Impact Weapon . | . . . . . . . . . . . . . . . Slashing Weapon 1 | . . . 1 . . . . . . . . . . . Piercing Weapon 1 | . . . . . . . . . . . . 1 . . Special Melee Weapon 2 | . . . . 1 . . . . . . . 1 . . Unidentified Prototypes 10 | . . . 1 1 . . 3 . 4 . 1 . . . Corrupted Parts 6 | . . . . . . . . 2 . . 1 3 . . System Corruption 33 | . . . . . . . . 10 . . 9 14 . . Parts Lost 50 | . 1 . . 1 . . 10 1 . 1 13 9 2 12 Power 5 | . . . . . . . 1 . . . 1 1 . 2 Propulsion 12 | . . . . 1 . . 4 . . . 3 2 . 2 Utility 10 | . . . . . . . 1 1 . 1 2 2 . 3 Weapon 23 | . 1 . . . . . 4 . . . 7 4 2 5 Highest Loss Streak 12 | . 1 . . 1 . . 7 1 . 1 3 4 2 12 To Critical Strikes . | . . . . . . . . . . . . . . . Average Backups 17 | 4 7 10 15 19 20 19 18 19 20 19 19 18 17 19 Power . | 1 1 1 1 1 1 1 . 1 1 1 1 . . . Propulsion 4 | 2 2 2 4 7 8 6 1 4 3 2 2 . . . Utility 6 | . 2 4 3 4 4 5 8 6 7 7 9 10 9 7 Weapon 5 | 1 2 3 6 5 6 4 5 6 6 5 3 4 6 8 Tool/Special . | . . . . . . . . . . . . . . . Unused Backups 53 | . 8 2 5 6 . 4 3 6 1 3 1 2 1 11 Power 3 | . 1 . . 1 . . . 1 . . . . . . Propulsion 16 | . 1 1 3 1 . 3 2 3 1 1 . . . . Utility 11 | . 2 . . 1 . . . . . . 1 1 1 5 Weapon 21 | . 4 1 2 3 . 1 1 2 . 1 . 1 . 5 Tool/Special 2 | . . . . . . . . . . 1 . . . 1 Average Slot Usage (%) 94 | . 99 99 96 99 100 98 85 99 84 90 86 85 82 85 Engine 6 | . 14 7 . 10 11 10 3 . . 4 5 . . . Core 3 | . . 6 11 . . . 1 6 6 1 . 8 9 10 Treads 22 | . 12 28 30 32 33 32 17 13 7 7 19 14 9 10 Leg 1 | . 15 . . . . . . . . . . . . . Wheel 2 | . . . . . . . 3 13 13 11 . . 2 . Device 19 | . 14 14 22 20 22 21 23 19 20 17 17 10 15 17 Storage 8 | . 14 14 11 11 11 10 6 6 6 6 6 5 5 5 Hackware 3 | . . . . 1 . . 1 13 13 12 6 16 4 3 Protection 1 | . . . . . . . 1 . . . 6 4 3 5 Energy Gun 7 | . 8 7 . . . . 7 25 16 23 20 16 4 . Energy Cannon 9 | . . 6 10 16 19 21 11 . . . 1 2 . . Ballistic Gun 2 | . 10 . . . . . 4 . . . . . 12 22 Ballistic Cannon 2 | . 9 14 10 5 . . . . . . . . . . Peak Build Rating 93 | 7 8 12 17 20 18 30 57 61 74 86 86 93 80 82 Average Rating 38 | 6 7 9 15 17 17 21 43 56 63 74 81 83 70 75 On Entrance 38 | 6 7 8 12 16 18 18 23 51 61 74 86 65 63 70 Avg Prop Armor Cover (%) 15 | . . . . . . 39 11 13 15 15 . 6 6 . Naked Turns . | . . . . . . . . . . . . . . . Heaviest Build 99 | 12 21 37 59 65 58 64 83 69 69 75 77 96 99 90 Greatest Support 140 | 20 40 40 60 60 60 63 82 40 20 133 133 123 140 140 Greatest Overweight (x) 21 | . . . . 1 . 1 21 3 3 3 1 6 6 2 Average Overweight (x) . | . . . . . . . 1 2 2 2 . . 1 . Largest Inventory Capacity 20 | 8 10 15 20 20 20 20 20 20 20 20 20 20 20 20 Average Capacity 18 | 8 8 12 17 20 20 19 20 20 20 20 20 20 19 20 Most Carried 20 | 5 10 12 19 20 20 20 20 20 20 20 20 20 20 20 Average Carried 17 | 4 7 10 15 19 20 19 18 19 19 19 19 18 17 19 Final Capacity 20 | 8 10 15 20 20 20 20 20 20 20 20 20 20 20 20 Final Carried 20 | 4 10 12 18 20 20 20 20 20 20 20 19 17 20 14 Scrap Suit Usage (%) 2 | . . . . . . . 26 . . . . . . . Parts Cannibalized 6 | . . . . . . . 6 . . . . . . . Class Distribution -------------------- 27% | Commander-Mutant 16% | Scavenger-Tank 15% | Mutant 14% | Scavenger-Mutant 9% | Scavenger-Skirmisher 8% | Scavenger-Gunner 6% | Commander-Tank Dominant Class ---------------- Mutant | -10/Materials Mutant | -10/Mines Scavenger-Mutant | -9/Materials Scavenger-Mutant | -9/Storage Commander-Mutant | -9/Recycling Commander-Mutant | -9/Scraptown Scavenger-Skirmisher | -6/Factory Scavenger-Gunner | -6/Extension Commander-Mutant | -6/Cetus Commander-Tank | -6/Archives Scavenger-Tank | -6/Hub_04(d) Scavenger-Tank | -5/Factory Scavenger-Tank | -5/Waste Scavenger-Tank | -5/Factory Resources | -11 -10 -10 -9 -9 -9 -9 -6 -6 -6 -6 -6 -5 -5 -5 ----------- Run | Yrd Mat Min Mat Sto Rec Scr Fac Ext Cet Arc Hub Fac Was Fac Matter Collected 4622 | 234 332 163 359 433 64 140 853 437 149 191 79 322 341 525 Remotely 263 | . . . . . . . . . . . . . . 263 Salvage Created 8137 | 95 354 144 772 1021 339 276 1505 807 84 412 1528 710 . 90 Parts 349 | 7 30 10 54 58 13 . 64 21 2 21 31 35 . 3 Haulers Intercepted 10 | . 1 . . 4 . . 2 . . . 2 1 . . Recyclers Shooed 13 | 1 . . 1 2 . . 5 . . . . 4 . . Parts Field Recycled . | . . . . . . . . . . . . . . . Retrieved Matter . | . . . . . . . . . . . . . . . Parts Self-Destructed . | . . . . . . . . . . . . . . . Prevented . | . . . . . . . . . . . . . . . Parts Restored . | . . . . . . . . . . . . . . . Kills | -11 -10 -10 -9 -9 -9 -9 -6 -6 -6 -6 -6 -5 -5 -5 ------- Run | Yrd Mat Min Mat Sto Rec Scr Fac Ext Cet Arc Hub Fac Was Fac Combat Hostiles Destroyed 144 | . 16 8 22 21 7 4 17 13 1 1 19 13 . 2 Melee 3 | . . . . . . 1 . . . . . 2 . . Guns 50 | . 8 4 . . . . 4 9 . 1 13 9 . 2 Cannons 67 | . 8 4 18 15 7 3 11 . . . 1 . . . AOE 8 | . . . 4 4 . . . . . . . . . . Classes Destroyed 20 | 2 4 . 4 2 1 3 2 1 . . 1 . . . Worker 3 | . . . . 2 . . 1 . . . . . . . Builder 3 | . . . 1 . . . . 1 . . . 1 . . Tunneler 3 | 1 . . . . . . 1 1 . . . . . . Hauler 10 | . 1 . . 4 . . 2 . . . 2 1 . . Recycler 5 | 1 . . . 1 . . 2 . . . 1 . . . Operator 10 | . . . . 1 . . . . . 9 . . . . Watcher 5 | . 1 . 3 . . . . . . . . . . 1 Swarmer 35 | . 11 6 4 5 . . . 2 . . . 7 . . Grunt 44 | . 5 2 10 7 1 . 4 4 . . 11 . . . Brawler 4 | . . . 1 . 1 . 1 1 . . . . . . Duelist 4 | . . . 1 . . . 2 . . . 1 . . . Protector 1 | . . . . . . . 1 . . . . . . . Sentry 26 | . . . 6 8 4 . 3 3 . 1 1 . . . Specialist 4 | . . . . . . . . . . . 2 . . 2 Hunter 10 | . . . . . . . 4 2 . . 1 3 . . Programmer 9 | . . . . . 1 . 3 . . . 2 3 . . Behemoth 2 | . . . . . . . . 1 . . 1 . . . Cetus Guard 1 | . . . . . . . . . 1 . . . . . Federalist 1 | . . . . . . 1 . . . . . . . . Explorer 1 | . . . . . . 1 . . . . . . . . Scrapper 3 | . . . . . . 3 . . . . . . . . Best Kill Streak 7 | 2 4 3 6 7 4 4 3 3 1 2 7 5 . 1 Combat Bots Only 7 | . 4 3 4 6 4 4 3 3 1 1 7 4 . 1 Max Kills in Single Turn 3 | 1 1 1 3 3 1 1 2 2 1 1 2 1 . 1 Gunslinging 1 | . . . . . . . . . . . 1 . . . Exploded 3 | . . . 2 3 . . . . . . . . . . Melee 1 | . . . . . . 1 . . . . . 1 . . Uniques/NPCs Destroyed 2 | . . . . 1 . . . . 1 . . . . . 01-MTF (-9/Storage) A7 (-6/Cetus) Combat | -11 -10 -10 -9 -9 -9 -9 -6 -6 -6 -6 -6 -5 -5 -5 -------- Run | Yrd Mat Min Mat Sto Rec Scr Fac Ext Cet Arc Hub Fac Was Fac Hostile Shots Fired 1198 | . 81 20 61 76 14 24 187 102 4 10 233 109 1 276 Missed 372 | . 23 6 22 22 2 6 54 41 1 3 76 34 . 82 Hits 826 | . 58 14 39 54 12 18 133 61 3 7 157 75 1 194 Melee 3 | . . . . . . . 2 . . . . . 1 . Projectile 823 | . 58 14 39 54 12 18 131 61 3 7 157 75 . 194 AOE 2 | . . . . 2 . . . . . . . . . . Critical Strikes 15 | . . . 2 1 . 1 3 1 1 . 4 1 . 1 Part Disruptions 5 | . . . . 2 . . . . . . 3 . . . Damage Taken 12062 | . 637 115 490 796 159 279 2112 617 116 187 2602 1385 76 2491 Core 1289 | . 79 9 69 9 11 29 163 46 13 19 377 176 11 278 Absorbed by Shields 1015 | . . . . . . 84 43 372 61 . . . . 455 Reduced by Siege Mode 154 | . . . . . . . . . . . 5 . . 149 Regen/Repaired (Parts) 164 | . 93 . . . . . 52 . . . . . 13 6 Core Remaining (%) 65 | 100 . 64 . . . 70 . . . . 27 . . . Volleys Fired 437 | 6 52 13 48 72 10 8 67 38 4 9 52 32 3 23 Largest 4 | 2 2 2 2 2 2 2 4 4 4 4 4 4 1 4 Hottest 310 | 40 80 90 101 136 136 136 298 310 310 310 310 245 65 231 Shots Fired 1190 | 12 104 26 87 137 20 16 209 152 16 35 175 110 5 86 Gun 757 | 12 66 8 . . . . 114 152 16 35 155 110 3 86 Cannon 424 | . 38 18 84 133 20 16 95 . . . 20 . . . Launcher 9 | . . . 3 4 . . . . . . . . 2 . Special . | . . . . . . . . . . . . . . . Kinetic 349 | 12 90 13 44 37 . . 67 . . . . . 2 84 Thermal 707 | . 14 13 40 96 20 16 134 152 16 35 169 . . 2 Explosive 9 | . . . 3 4 . . . . . . . . 2 . Electromagnetic 125 | . . . . . . . 8 . . . 6 110 1 . Robot Hit Streak 21 | 8 17 9 12 11 8 9 13 21 10 7 12 6 4 15 Robot Miss Streak 4 | 1 4 3 3 3 1 3 4 4 2 4 4 4 2 4 Penetration Max 1 | . . . . . . . 1 . . . . . . 1 Secondary Targets 10 | . 1 . . . . . . . . . 5 2 . 2 Max Gunslinging Chain 2 | . 1 . . . . . . . . . 2 1 . 1 Shots Hit Robots 767 | 11 62 17 49 55 26 10 136 100 18 34 115 75 3 56 Core Hits 322 | 3 24 8 29 30 8 4 52 38 8 17 56 29 2 14 Critical Kills 5 | . . . . 1 . . 4 . . . . . . . Critical Parts Destroyed 2 | . 1 . . . . . 1 . . . . . . . Critical Strikes 37 | . 3 1 . 1 . . 6 8 4 5 8 1 . . Burn 26 | . . . . . . . 1 8 4 5 8 . . . Meltdown 5 | . . . . 1 . . 4 . . . . . . . Destroy 2 | . 1 . . . . . 1 . . . . . . . Blast 3 | . 2 1 . . . . . . . . . . . . Impale 1 | . . . . . . . . . . . . 1 . . Melee Attacks 51 | . . . 1 1 11 . 1 . 6 18 . 13 . . Impact . | . . . . . . . . . . . . . . . Slashing 28 | . . . 1 . . . . . 6 18 . 3 . . Piercing 10 | . . . . . . . . . . . . 10 . . Sneak Attacks 28 | . . . . 1 11 . 1 . 6 9 . . . . Combat Hostiles . | . . . . . . . . . . . . . . . Follow-up Attacks 2 | . . . . . . . . . . . . 2 . . Damage Inflicted 18323 | 123 750 315 1698 1403 331 233 3092 2392 580 1562 3306 1436 144 958 Guns 9532 | 123 444 66 . . . . 1537 2386 254 449 2297 1016 2 958 Cannons 5261 | . 306 248 1178 1102 331 227 1535 . . . 334 . . . Explosions 1699 | . . . 520 301 . . . . . . 672 64 142 . Melee 1795 | . . . . . . . . . 326 1113 . 356 . . Ramming 36 | . . 1 . . . 6 20 6 . . 3 . . . Kinetic 3572 | 123 621 147 509 337 . . 877 . . . . . . 958 Thermal 10131 | . 129 167 669 765 331 227 2115 2386 254 449 2575 64 . . Explosive 963 | . . . 520 301 . . . . . . . . 142 . Electromagnetic 1826 | . . . . . . . 80 . . . 728 1016 2 . Impact . | . . . . . . . . . . . . . . . Slashing 1520 | . . . . . . . . . 326 1113 . 81 . . Piercing 275 | . . . . . . . . . . . . 275 . . Highest Corruption 25 | . . . . . . . 2 14 14 14 20 22 22 25 Average Corruption 11 | . . . . . . . 1 8 14 9 3 7 22 22 Corruption Purged 14 | . . . . . . . . . . 14 . . . . Corruption Blocked . | . . . . . . . . . . . . . . . Effects 198 | . . . . . . . 13 52 9 13 6 10 42 53 Message Errors 36 | . . . . . . . 2 5 3 2 2 1 11 10 Matter Fused 54 | . . . . . . . 6 13 1 3 3 3 11 14 Heat Flow Errors 27 | . . . . . . . 2 5 . 4 . 3 5 8 Energy Discharges 22 | . . . . . . . . 9 1 2 . 1 5 4 Parts Rejected 5 | . . . . . . . 1 . 2 . . . 2 . Parts Fused 1 | . . . . . . . . . . . . . . 1 Data Loss (minor) 18 | . . . . . . . . 6 1 1 . 1 4 5 Data Loss (major) 9 | . . . . . . . 1 4 . . 1 . . 3 Misfires 12 | . . . . . . . 1 6 . . . 1 2 2 Alerts 3 | . . . . . . . . 1 1 . . . . 1 Misdirections 3 | . . . . . . . . 1 . . . . 2 . Weapon Failures 8 | . . . . . . . . 2 . 1 . . . 5 Overload Shots . | . . . . . . . . . . . . . . . Overflow Damage 580 | . 13 . 58 20 . 15 36 . 25 302 43 68 . . Projectiles 82 | . 13 . . 18 . 15 15 . . . 21 . . . Explosions 103 | . . . 58 2 . . 21 . . . 22 . . . Melee 395 | . . . . . . . . . 25 302 . 68 . . Knockbacks 15 | . 5 2 4 3 . . . 1 . . . . . . Impact 1 | . . . . . . . . 1 . . . . . . Kinetic 14 | . 5 2 4 3 . . . . . . . . . . Secondary . | . . . . . . . . . . . . . . . Self-Inflicted Damage 476 | . . . 15 48 . . 201 . . . 177 35 . . Shots 8 | . . . 1 1 . . 3 . . . 2 1 . . Rammed 6 | . . 1 . . . . 3 1 . . 1 . . . Targets Rammed 7 | . . 1 . . . 1 3 1 . . 1 . . . Kicked . | . . . . . . . . . . . . . . . Crushed 1 | . . . . . . 1 . . . . . . . . Highest Temperature 324 | . 36 18 54 255 18 182 287 324 132 246 324 220 202 266 Average Temperature 81 | . 10 10 18 72 12 98 96 94 59 96 83 111 95 103 Received Heat Transfer 2690 | . 90 6 222 177 48 164 220 143 . 18 582 . . 1020 Effects 6 | . . . . . . . . 3 . . . . . 3 Interference 6 | . . . . . . . . 3 . . . . . 3 Siege Activations 2 | . . . . . . . . . . . 1 . . 1 Total Turns 51 | . . . . . . . . . . . 19 . . 32 Longest Duration 32 | . . . . . . . . . . . 19 . . 32 Martial Activations . | . . . . . . . . . . . . . . . Shielding Activations . | . . . . . . . . . . . . . . . Robots Disrupted 1 | . . . . . . . . . . . . 1 . . Combat Hostiles 1 | . . . . . . . . . . . . 1 . . Robots Corrupted 3 | . . . . . . . . . . . . 3 . . Combat Hostiles 2 | . . . . . . . . . . . . 2 . . Parts Fried 18 | . . . . . . . 1 . . . 3 14 . . Impact Corruptions . | . . . . . . . . . . . . . . . Robots Melted 17 | . . . . 2 . . 4 4 1 1 5 . . . Combat Hostiles 14 | . . . . 2 . . 2 4 1 . 5 . . . Parts Melted 78 | . . . 1 5 . 3 19 22 3 4 21 . . . Heat Transferred 23044 | . 370 333 1036 1517 592 277 3860 6102 1000 1550 6357 50 . . Parts Sabotaged . | . . . . . . . . . . . . . . . Parts Stolen . | . . . . . . . . . . . . . . . Parts Stripped . | . . . . . . . . . . . . . . . Power Chain Reactions 2 | . . . . . . . . . . . . 2 . . Alert | -11 -10 -10 -9 -9 -9 -9 -6 -6 -6 -6 -6 -5 -5 -5 ------- Run | Yrd Mat Min Mat Sto Rec Scr Fac Ext Cet Arc Hub Fac Was Fac Maximum Alert Level 4 | . 1 . 2 2 1 . . 2 2 1 4 2 . 3 Low Security (%) 67 | 100 98 100 50 84 48 . 100 58 . 55 41 . 100 74 Level 1 23 | . 1 . 47 6 51 . . 27 57 44 15 94 . 1 Level 2 7 | . . . 2 8 . . . 14 42 . 20 5 . 18 Level 3 1 | . . . . . . . . . . . 21 . . 6 Level 4 . | . . . . . . . . . . . . . . . Level 5 . | . . . . . . . . . . . . . . . High Security . | . . . . . . . . . . . . . . . Max Security . | . . . . . . . . . . . . . . . Peak Influence 1118 | 10 214 118 424 436 270 . 194 657 458 256 1118 415 137 779 Initial 415 | . . 48 . 176 168 . . 45 365 126 30 415 137 . Average 168 | 1 94 25 152 148 158 . 104 196 389 182 416 297 37 170 Influence Increases 8192 | 10 523 181 693 909 401 . 616 1139 122 280 1711 431 88 1088 Destroy 0b10 Robot/C 3780 | . 320 160 440 520 140 . 340 520 60 80 560 260 . 380 Destroy 0b10 Robot/NC 250 | 10 10 . 20 50 . . 30 25 5 45 15 10 . 30 Destroy Leader 886 | . 74 20 126 160 . . 112 94 . . 164 52 . 84 Allied During Kill 1270 | . . . . 62 10 . . 355 55 125 262 . . 401 Trap Triggered on 0b10 10 | . . . . . . . . . . . . 10 . . Successful Hack 178 | . 27 . 14 14 11 . . 33 . . 8 . . 71 Select Force Hacks 420 | . 30 . 60 30 240 . . 60 . . . . . . Disable Machine 540 | . . . . 30 . . 90 45 . 30 300 15 . 30 Destroy Structure 558 | . 2 1 33 43 . . 29 7 2 . 237 24 88 92 Partial Spotted 15 | . . . . . . . 15 . . . . . . . Lose Combat Pursuer 285 | . 60 . . . . . . . . . 165 60 . . Influence Decreases 7575 | 10 399 305 275 895 833 . 522 579 459 511 948 886 482 471 Entered New Map 1858 | . . 76 . 242 264 . . 49 289 191 56 434 257 . Time Decay 4290 | 10 399 229 275 474 387 . 422 500 170 270 392 362 205 195 Lost Part 490 | . . . . 10 . . 100 10 . 10 130 90 20 120 Lost Ally 605 | . . . . 169 . . . 20 . 40 220 . . 156 Purge Threat 332 | . . . . . 182 . . . . . 150 . . . Squads Dispatched 41 | . 3 1 4 6 . . 8 4 . . 10 1 . 4 Investigation 11 | . 2 1 3 2 . . . 2 . . 1 . . . Extermination 7 | . . . . . . . 3 . . . 2 1 . 1 Reinforcement 15 | . 1 . 1 3 . . 2 2 . . 4 . . 2 Assault . | . . . . . . . . . . . . . . . Garrison 8 | . . . . 1 . . 3 . . . 3 . . 1 Intercept . | . . . . . . . . . . . . . . . Searches Triggered . | . . . . . . . . . . . . . . . Construction Impeded 2 | . . . . . . . . 1 . . . . . 1 Haulers Reinforced 3 | . . . . . . . 2 . . . 1 . . . Active Scanning Responses . | . . . . . . . . . . . . . . . Cargo Convoy Interrupts 1 | . . . . . . . . . . . . . . 1 Stealth | -11 -10 -10 -9 -9 -9 -9 -6 -6 -6 -6 -6 -5 -5 -5 --------- Run | Yrd Mat Min Mat Sto Rec Scr Fac Ext Cet Arc Hub Fac Was Fac Distress Signals 22 | . 3 . 1 1 . . 3 2 1 . 7 1 . 3 Communications Jammed . | . . . . . . . . . . . . . . . Distress Signals . | . . . . . . . . . . . . . . . Times Spotted 275 | . 23 8 29 32 5 11 30 30 7 16 43 19 6 16 Peak Tracking Total 9 | . 4 3 5 7 4 4 4 4 5 2 7 5 5 9 Tactical Retreats 12 | . 4 . . . . . . . . . 6 2 . . Traps | -11 -10 -10 -9 -9 -9 -9 -6 -6 -6 -6 -6 -5 -5 -5 ------- Run | Yrd Mat Min Mat Sto Rec Scr Fac Ext Cet Arc Hub Fac Was Fac Traps Triggered 21 | . 2 . 1 1 . . 6 6 . . 2 1 . 2 Indirectly 1 | . . . . . . . . . . . 1 . . . Trap Hack Attempts 4 | . . . . . . . . . . . . 4 . . Triggered . | . . . . . . . . . . . . . . . Disarmed . | . . . . . . . . . . . . . . . Reprogrammed 1 | . . . . . . . . . . . . 1 . . Reused 1 | . . . . . . . . . . . . 1 . . Traps Extracted . | . . . . . . . . . . . . . . . Installed . | . . . . . . . . . . . . . . . Triggered 1 | . . . . . . . . . . . . 1 . . Machines | -11 -10 -10 -9 -9 -9 -9 -6 -6 -6 -6 -6 -5 -5 -5 ---------- Run | Yrd Mat Min Mat Sto Rec Scr Fac Ext Cet Arc Hub Fac Was Fac Machines Disabled 38 | . . . . 2 . . 6 5 . 2 20 1 . 2 Max in Single Turn 15 | . . . . 1 . . 5 1 . 1 15 1 . . Garrison Access 1 | . . . . . . . . . . . . . . 1 Network Hub 2 | . . . . . . . . . . . 2 . . . Machines Repaired . | . . . . . . . . . . . . . . . Machines Dismantled . | . . . . . . . . . . . . . . . Machines Sabotaged . | . . . . . . . . . . . . . . . Overloaded Fab Kills . | . . . . . . . . . . . . . . . Hacking | -11 -10 -10 -9 -9 -9 -9 -6 -6 -6 -6 -6 -5 -5 -5 --------- Run | Yrd Mat Min Mat Sto Rec Scr Fac Ext Cet Arc Hub Fac Was Fac Machines Accessed 68 | . 9 1 6 7 14 12 1 10 1 . 3 . . 4 Terminals 38 | . 6 . 4 6 6 . 1 8 1 . 3 . . 3 Fabricators . | . . . . . . . . . . . . . . . Repair Stations 1 | . 1 . . . . . . . . . . . . . Recycling Units 15 | . 2 . 2 1 8 . . 2 . . . . . . Scanalyzers . | . . . . . . . . . . . . . . . Garrison Access 1 | . . . . . . . . . . . . . . 1 Total Hacks 226 | . 28 1 16 19 35 78 2 17 2 . 9 . . 19 Successful 150 | . 12 1 7 8 22 78 1 10 1 . 3 . . 7 Failed 76 | . 16 . 9 11 13 . 1 7 1 . 6 . . 12 Catastrophic 11 | . 3 . 3 1 1 . . 1 . . 2 . . . Database Lockouts . | . . . . . . . . . . . . . . . Manual 86 | . 20 . 11 13 25 1 . 7 1 . 2 . . 6 Terminals 117 | . 22 . 13 17 23 . 2 13 2 . 9 . . 16 Fabricators . | . . . . . . . . . . . . . . . Repair Stations 2 | . 2 . . . . . . . . . . . . . Recycling Units 25 | . 4 . 3 2 12 . . 4 . . . . . . Scanalyzers . | . . . . . . . . . . . . . . . Garrison Access 3 | . . . . . . . . . . . . . . 3 Terminal Hacks 112 | . 6 1 2 5 6 78 1 5 1 . 3 . . 4 Record 76 | . . . . . 1 72 . 1 . . . . . 2 Part Schematic 2 | . 1 . . 1 . . . . . . . . . . Robot Analysis 9 | . 2 . 1 . . 6 . . . . . . . . Prototype ID Bank 4 | . 1 . . 1 1 . . 1 . . . . . . Open Door 8 | . . 1 . 2 . . 1 3 1 . . . . . Branch Access Points 1 | . . . . 1 . . . . . . . . . . Emergency Access Points 1 | . . . . . . . . . . . 1 . . . Machine Index 1 | . . . . . . . . . . . 1 . . . Terminal Index 1 | . . . . . 1 . . . . . . . . . Unreport Threat 4 | . . . . . 3 . . . . . 1 . . . Locate Traps 2 | . 1 . 1 . . . . . . . . . . . Maintenance Status 1 | . . . . . . . . . . . . . . 1 Registered Components 1 | . 1 . . . . . . . . . . . . . Zone Layout 1 | . . . . . . . . . . . . . . 1 Fabricator Hacks . | . . . . . . . . . . . . . . . Repair Station Hacks 2 | . 2 . . . . . . . . . . . . . Scan Component 1 | . 1 . . . . . . . . . . . . . Repair 1 | . 1 . . . . . . . . . . . . . Recycling Unit Hacks 3 | . . . . . 1 . . 2 . . . . . . Report Inventory 2 | . . . . . 1 . . 1 . . . . . . Retrieve Components 1 | . . . . . . . . 1 . . . . . . Scanalyzer . | . . . . . . . . . . . . . . . Garrison Access Hacks 1 | . . . . . . . . . . . . . . 1 Seal Access 1 | . . . . . . . . . . . . . . 1 Unauthorized Hacks 31 | . 4 . 5 3 14 . . 3 . . . . . 2 Terminals 17 | . 3 . 3 2 6 . . 1 . . . . . 2 Botnet 10 | . 2 . 2 2 2 . . 1 . . . . . 1 Operators 3 | . 1 . 1 . . . . . . . . . . 1 Skim 4 | . . . . . 4 . . . . . . . . . Fabricators . | . . . . . . . . . . . . . . . Repair Stations . | . . . . . . . . . . . . . . . Recycling Units 14 | . 1 . 2 1 8 . . 2 . . . . . . Tunnel 14 | . 1 . 2 1 8 . . 2 . . . . . . Scanalyzers . | . . . . . . . . . . . . . . . Garrison Access . | . . . . . . . . . . . . . . . Data Cores Recovered . | . . . . . . . . . . . . . . . Used . | . . . . . . . . . . . . . . . Hacking Detections 39 | . 8 . 5 6 5 . . 7 1 . 3 . . 4 Full Trace Events 3 | . 2 . 1 . . . . . . . . . . . Feedback Events . | . . . . . . . . . . . . . . . Feedback Blocked . | . . . . . . . . . . . . . . . Robot Schematics Acquired . | . . . . . . . . . . . . . . . Robots Built . | . . . . . . . . . . . . . . . Authchips . | . . . . . . . . . . . . . . . Time . | . . . . . . . . . . . . . . . Total Robot Build Rating . | . . . . . . . . . . . . . . . Part Schematics Acquired 2 | . 1 . . 1 . . . . . . . . . . Parts Built . | . . . . . . . . . . . . . . . Authchips . | . . . . . . . . . . . . . . . Time . | . . . . . . . . . . . . . . . Total Part Build Rating . | . . . . . . . . . . . . . . . Part Studies Acquired . | . . . . . . . . . . . . . . . Parts Repaired 1 | . 1 . . . . . . . . . . . . . Time 26 | . 26 . . . . . . . . . . . . . Parts Recycled . | . . . . . . . . . . . . . . . Recycled Matter . | . . . . . . . . . . . . . . . Retrieved Matter . | . . . . . . . . . . . . . . . Retrieved Components 9 | . . . . . . . . 9 . . . . . . Parts Scanalyzed . | . . . . . . . . . . . . . . . Part Schematics Acquired . | . . . . . . . . . . . . . . . Parts Damaged . | . . . . . . . . . . . . . . . Bothacking | -11 -10 -10 -9 -9 -9 -9 -6 -6 -6 -6 -6 -5 -5 -5 ------------ Run | Yrd Mat Min Mat Sto Rec Scr Fac Ext Cet Arc Hub Fac Was Fac Used RIF Installer . | . . . . . . . . . . . . . . . Robots Hacked 1 | . . . . 1 . . . . . . . . . . Non-combat . | . . . . . . . . . . . . . . . Combat 1 | . . . . 1 . . . . . . . . . . Robot Hacks Applied 1 | . . . . 1 . . . . . . . . . . parse_system 1 | . . . . 1 . . . . . . . . . . Relay Couplers Released 4 | . . . . . . . . . . . . . . 4 Programmers 4 | . . . . . . . . . . . . . . 4 Fabnet Peak Effective % . | . . . . . . . . . . . . . . . Robots Rewired 11 | . . . . . 6 . . 5 . . . . . . Allies Hacked . | . . . . . . . . . . . . . . . Hacks Repelled . | . . . . . . . . . . . . . . . Allies | -11 -10 -10 -9 -9 -9 -9 -6 -6 -6 -6 -6 -5 -5 -5 -------- Run | Yrd Mat Min Mat Sto Rec Scr Fac Ext Cet Arc Hub Fac Was Fac Total Allies 50 | . . . . 10 6 . . 10 5 . . . 19 . Largest Group 19 | . . . . 10 6 6 2 10 14 13 11 . 19 15 Highest-Rated Group 860 | . . . . 88 78 78 42 417 860 701 651 . 702 602 Highest-Rated Ally 159 | . . . . 16 27 27 27 159 159 96 96 . 50 50 Initial UFD Resources 26 | . . . . . . . 24 24 24 24 24 26 26 26 Total Orders 9 | . . . . . . 6 . . . 1 . 1 1 . STAY 3 | . . . . . . 3 . . . . . . . . FOLLOW 3 | . . . . . . 3 . . . . . . . . RETURN 3 | . . . . . . . . . . 1 . 1 1 . Ally Attacks 500 | . . . . 87 . 18 1 91 22 18 77 . 97 89 Total Damage 14795 | . . . . 581 . 276 29 2180 450 572 2207 . 4650 3850 Kills 80 | . . . . 8 . 4 . 16 3 3 9 . 10 27 Allies Corrupted 4 | . . . . . . . . . . . 1 . . 3 Allies Melted 1 | . . . . . . . . . . . 1 . . . Intel | -11 -10 -10 -9 -9 -9 -9 -6 -6 -6 -6 -6 -5 -5 -5 ------- Run | Yrd Mat Min Mat Sto Rec Scr Fac Ext Cet Arc Hub Fac Was Fac Active Infowar (turns) 6288 | 8 976 . 943 572 . 532 756 812 . . . 505 761 423 Sensors 1607 | . . . . . . . . . . . . 425 760 422 IFF 622 | . . . . . . . 232 390 . . . . . . Structural 2111 | . 41 . 308 244 . 532 462 300 . . . 80 144 . Seismic 2316 | 8 935 . 635 328 . . 118 292 . . . . . . ECM 1 | . . . . . . . . . . . . . . 1 Robot Analysis Total 9 | . 2 . 1 . . 6 . . . . . . . . Derelict Logs Recovered 2 | . . 2 . . . . . . . . . . . . Drone Launches 9 | . . . . . . . . . . 3 . 3 3 . Drone Recoveries 9 | . . . . . . . . . . 3 . 3 3 . Exploration | -11 -10 -10 -9 -9 -9 -9 -6 -6 -6 -6 -6 -5 -5 -5 ------------- Run | Yrd Mat Min Mat Sto Rec Scr Fac Ext Cet Arc Hub Fac Was Fac Turns Passed 16443 | 31 1153 954 943 1348 1145 3390 1340 1684 349 597 939 837 804 929 Spaces Moved 8780 | 10 632 553 466 590 657 2154 578 886 118 346 455 374 454 507 Core 155 | . . . . . . 153 2 . . . . . . . Treads 6597 | . 231 553 466 590 657 2001 340 83 . 34 455 347 333 507 Legs 411 | 10 401 . . . . . . . . . . . . . Wheels 1617 | . . . . . . . 236 803 118 312 . 27 121 . Hover . | . . . . . . . . . . . . . . . Flight . | . . . . . . . . . . . . . . . Fastest Speed 50 | 120 120 160 160 160 160 50 125 125 110 125 160 130 130 160 Average Speed 152 | 120 134 160 160 161 160 152 167 135 124 128 160 158 155 160 Slowest Speed 1100 | 120 160 160 160 240 160 240 1100 240 125 160 240 180 170 305 Overloaded Moves . | . . . . . . . . . . . . . . . Propulsion Burnouts . | . . . . . . . . . . . . . . . Robots Hopped 2 | . . . . . . . . . . . 2 . . . Potential Cave-ins 3 | . . . . . . . . . . . 2 . 1 . Cave-ins Triggered . | . . . . . . . . . . . . . . . Exploration Rate (%) 62 | 2 80 97 58 84 99 95 16 89 67 90 48 11 93 14 Regions Visited 14 Branch Regions 8 Pre-discovered Areas 18 | . 1 . 2 1 8 4 . 2 . . . . . . Known Exits Taken 4 | . . . 1 1 . . 1 . . . 1 . . . Unknown Exits Taken 8 | 1 1 1 . . 1 1 . 1 1 1 . . . . Scrap Searched 11 | . . 2 . . . 9 . . . . . . . . Spaces Dug 11 | . . . 4 3 . . . . . . 4 . . . Terrain Destroyed 424 | . . 1 29 39 . . 28 . . . 308 13 6 . Melee 1 | . . . 1 . . . . . . . . . . . Projectile 24 | . . 1 5 4 . . 5 . . . 9 . . . AOE 399 | . . . 23 35 . . 23 . . . 299 13 6 . Terrain Rammed . | . . . . . . . . . . . . . . . Walls Destroyed . | . . . . . . . . . . . . . . . Machines Disabled . | . . . . . . . . . . . . . . . Actions | -11 -10 -10 -9 -9 -9 -9 -6 -6 -6 -6 -6 -5 -5 -5 --------- Run | Yrd Mat Min Mat Sto Rec Scr Fac Ext Cet Arc Hub Fac Was Fac Total 10862 | 19 836 597 575 853 726 2250 790 1272 300 453 547 517 553 574 Wait 854 | . 108 15 23 129 31 24 40 205 141 41 14 43 38 2 Move 8764 | 9 631 552 465 589 656 2154 577 885 117 345 450 374 453 507 Hop 2 | . . . . . . . . . . . 2 . . . Pick Up 167 | 1 14 6 12 14 . 26 24 14 2 10 9 8 17 10 Fast Attach 101 | . 3 2 3 6 . 7 18 7 13 6 4 12 14 6 Attach 77 | 1 2 . 2 2 . 6 23 3 1 5 7 11 6 8 Detach 19 | . . . . . . . 4 . . 1 2 4 8 . Swap 118 | . 14 2 10 19 5 5 15 25 2 3 . 13 2 3 Drop 188 | 2 12 6 11 21 3 20 18 27 14 15 6 6 12 15 Fire 437 | 6 52 13 48 72 10 8 67 38 4 9 52 32 3 23 Melee 48 | . . . 1 1 11 . 1 . 6 18 . 10 . . Ram . | . . . . . . . . . . . . . . . Kick . | . . . . . . . . . . . . . . . Crush 6 | . . 1 . . . . 3 1 . . 1 . . . Escape Stasis 48 | . . . . . . . . 48 . . . . . . Rewire 29 | . . . . . 10 . . 19 . . . . . . Trap 4 | . . . . . . . . . . . . 4 . . Miscellaneous . | . . . . . . . . . . . . . . . Route ------- -11/Scrapyard -10/Materials (discovered 5 exits: *Mat x2 / *Min x2 / [*Sub]) -10/Mines (discovered 2 exits: *Mat x2) -9/Materials (discovered 3 exits: [*Mat] / [*Min] / *Sto) -9/Storage (discovered 2 exits: [*Mat] / *Rec) -9/Recycling (discovered 2 exits: [*Fac] / *Scr) -9/Scraptown (discovered 2 exits: *Fac x2) -6/Factory (discovered 5 exits: *Fac x2 / Low / *Ext x2) -6/Extension (discovered 2 exits: *Fac / *Cet) -6/Cetus -6/Archives (discovered 3 exits: *Fac / *Hub x2) -6/Hub_04(d) -5/Factory (discovered 2 exits: *Upp x2) -5/Waste -5/Factory (discovered 1 exit: *Fac) History --------- Turn | Location | Event 19 | -11/Scrapyard | Discovered new exit (range 3) 32 | -11/Scrapyard | Entered Materials 33 | -10/Materials | Met a group of wandering Federalists 104 | -10/Materials | Discovered new exit (range 5) 268 | -10/Materials | Discovered new exit (range 16) 329 | -10/Materials | Build established: Mutant 648 | -10/Materials | Discovered new exit (range 15) 865 | -10/Materials | Repaired Lgt. Cannon 904 | -10/Materials | Discovered new exit (range 4) 1096 | -10/Materials | Discovered new exit (range 7) 1185 | -10/Materials | Entered Mines 1200 | -10/Mines | Discovered new exit (range 10) 1640 | -10/Mines | Discovered new exit (range 11) 1673 | -10/Mines | Met a Derelict shopkeep closing up shop 1841 | -10/Mines | A weapon hastily lodged in a ceiling crevice suddenly fell to the ground 2009 | -10/Mines | Found a hidden stash of uninstalled traps 2139 | -10/Mines | Entered Materials 2139 | -9/Materials | Evolved 2 slots: Propulsion x1, Utility x1 2140 | -9/Materials | Identified exit to Storage 2549 | -9/Materials | Discovered new exit (range 3) 2655 | -9/Materials | Discovered new exit (range 9) 2663 | -9/Materials | Build established: Scavenger-Mutant 3082 | -9/Materials | Entered Storage 3551 | -9/Storage | Assisted by bots powering up and referring to "LRC-V3" 3824 | -9/Storage | Met 01-MTF 3837 | -9/Storage | Build established: Commander-Mutant 3852 | -9/Storage | Discovered new exit (range 12) 3856 | -9/Storage | Identified exit to Recycling 3907 | -9/Storage | Destroyed 01-MTF 3925 | -9/Storage | Lost 7 allies 4213 | -9/Storage | Build established: Scavenger-Mutant 4247 | -9/Storage | Garrison activated, responded to threat 4423 | -9/Storage | Used back door to open Recycling access 4430 | -9/Storage | Entered Recycling 4865 | -9/Recycling | Discovered new exit (range 16) 5181 | -9/Recycling | Build established: Commander-Mutant 5509 | -9/Recycling | Scanned before Scraplab entrance 5533 | -9/Recycling | Entered Scraplab 5555 | -9/Recycling | Discovered new exit (range 2) 5575 | -9/Recycling | Entered Scraptown 5575 | -9/Scraptown | Accompanied by 6 allies 5636 | -9/Scraptown | Heard Great Nut preacher, LISTEN AND RECITE! 6007 | -9/Scraptown | Discovered new exit (range 5) 6159 | -9/Scraptown | Visited CR-KLE's Repair Center 6209 | -9/Scraptown | Visited Cyclists 6257 | -9/Scraptown | Visited TADAMA 6747 | -9/Scraptown | Visited Comm Corps 6825 | -9/Scraptown | Visited Bundlers 6951 | -9/Scraptown | Visited Awakened 6986 | -9/Scraptown | Visited Cave Peace 7051 | -9/Scraptown | Visited UFD Registry 7051 | -9/Scraptown | Registered with UFD as "Softguard" 7120 | -9/Scraptown | Entered Cyclist Reading Room 7224 | -9/Scraptown | Visited Derelict Rescue Squad 7264 | -9/Scraptown | Visited Chapter 10 7632 | -9/Scraptown | Visited Curators Association 7706 | -9/Scraptown | Visited Analyses Database 7744 | -9/Scraptown | Visited Junk Repository 7794 | -9/Scraptown | Visited Cartography Club 7879 | -9/Scraptown | Found Surveybot 17 Chip 8288 | -9/Scraptown | Learned location of Upper Caves (-4) 8288 | -9/Scraptown | Learned location of Zion (-7) 8288 | -9/Scraptown | Learned location of Cetus (-6) 8288 | -9/Scraptown | Learned 12 Factory zone layouts 8288 | -9/Scraptown | Learned 16 Lower Caves zone layouts 8288 | -9/Scraptown | Learned 16 Upper Caves zone layouts 8288 | -9/Scraptown | Learned 16 Proximity Caves zone layouts 8288 | -9/Scraptown | Learned 20 Proximity Caves zone layouts 8288 | -9/Scraptown | Learned 24 Proximity Caves zone layouts 8288 | -9/Scraptown | Learned 4 Armory zone layouts 8288 | -9/Scraptown | Learned location of 2 exits from Lower Caves 8288 | -9/Scraptown | Learned location of 2 exits from Proximity Caves 8315 | -9/Scraptown | Found Deep Structural Scanner 8445 | -9/Scraptown | Visited Abandonware Association 8483 | -9/Scraptown | Learned abandonware demo "MELTYB.EXE" 8544 | -9/Scraptown | Visited Scrap Suit Storage 8603 | -9/Scraptown | Visited Modified Component R&D 8798 | -9/Scraptown | Met Optimus 8798 | -9/Scraptown | Accepted into 0bPrime 8889 | -9/Scraptown | Discovered new exit (range 10) 8904 | -9/Scraptown | Civil war broke out across Scraptown 8964 | -9/Scraptown | Found Scrap Suit 8965 | -9/Scraptown | Entered Factory 8965 | -6/Factory | Accompanied by 2 allies 8965 | -6/Factory | Evolved 6 slots: Propulsion x1, Utility x3, Weapon x2 8966 | -6/Factory | Identified exit to Extension 8967 | -6/Factory | Identified exit to Factory 8967 | -6/Factory | Identified exit to Lower Caves 8967 | -6/Factory | Lost 11 allies 9147 | -6/Factory | Garrison activated, responded to threat 9869 | -6/Factory | Lost 7 parts (1p2n1u3w) 9913 | -6/Factory | Discovered exit to Factory (range 10) 10120 | -6/Factory | Build established: Scavenger-Skirmisher 10273 | -6/Factory | Discovered exit to Extension (range 10) 10305 | -6/Factory | Entered Extension 10521 | -6/Extension | Rescued A7 10672 | -6/Extension | Rescued a captive Derelict 10673 | -6/Extension | Rescued a captive Derelict 10747 | -6/Extension | Rescued a captive Derelict 10751 | -6/Extension | Rescued a captive Derelict 10815 | -6/Extension | System corruption reached 10% 11244 | -6/Extension | Spotted B-75 Beast 11250 | -6/Extension | Destroyed B-75 Beast 11270 | -6/Extension | Spotted B-75 Beast 11288 | -6/Extension | Allies destroyed B-75 Beast 11518 | -6/Extension | Build established: Scavenger-Gunner 11952 | -6/Extension | Discovered exit to Factory (range 10) 11957 | -6/Extension | Discovered new exit (range 6) 11963 | -6/Extension | Disrupted transfer network 11989 | -6/Extension | Entered Cetus 11989 | -6/Cetus | Accompanied by 9 allies (A7) 11994 | -6/Cetus | Acquired a Cetus Manufacturing Module code from A7 12010 | -6/Cetus | Spotted Cetus Guard 12010 | -6/Cetus | Spotted Cetus Guard 12013 | -6/Cetus | Spotted Cetus Guard 12013 | -6/Cetus | Spotted Cetus Guard 12019 | -6/Cetus | Destroyed Cetus Guard 12019 | -6/Cetus | Allies destroyed Cetus Guard 12032 | -6/Cetus | Allies destroyed Cetus Guard 12113 | -6/Cetus | Escorted A7 to Cetus Mainframe 12125 | -6/Cetus | Started Cetus Manufacturing Module 12150 | -6/Cetus | Manufactured an Enhanced Grunt 12175 | -6/Cetus | Manufactured an Enhanced Grunt 12200 | -6/Cetus | Manufactured an Enhanced Grunt 12225 | -6/Cetus | Manufactured an Enhanced Grunt 12250 | -6/Cetus | Manufactured an Enhanced Grunt 12284 | -6/Cetus | Discovered new exit (range 15) 12328 | -6/Cetus | Murdered A7 12331 | -6/Cetus | Extracted ID and sensor layout for unrecognized location from A7's data core 12338 | -6/Cetus | Entered Archives 12338 | -6/Archives | Accompanied by 13 allies 12379 | -6/Archives | Unable to access archive contents 12402 | -6/Archives | Discovered new exit (range 15) 12458 | -6/Archives | Discovered new exit (range 16) 12532 | -6/Archives | Discovered exit to Factory (range 16) 12570 | -6/Archives | Build established: Commander-Tank 12935 | -6/Archives | Entered Hub_04(d) 12935 | -6/Hub_04(d) | Accompanied by 11 allies 12935 | -6/Hub_04(d) | Discovered exit to Factory (range 10) 13317 | -6/Hub_04(d) | Garrison activated, responded to threat 13387 | -6/Hub_04(d) | Lost 3 allies 13424 | -6/Hub_04(d) | Spotted B-75 Beast 13430 | -6/Hub_04(d) | Destroyed B-75 Beast 13517 | -6/Hub_04(d) | Destroyed 7 combat bots 13605 | -6/Hub_04(d) | Build established: Scavenger-Tank 13607 | -6/Hub_04(d) | Lost 3 parts (1u2w) 13666 | -6/Hub_04(d) | Network Hub disabled 13666 | -6/Hub_04(d) | Network Hub disabled 13724 | -6/Hub_04(d) | Core integrity fell below 50% 13767 | -6/Hub_04(d) | Lost 3 parts (1n2w) 13819 | -6/Hub_04(d) | Lost 3 parts (1n2w) 13874 | -6/Hub_04(d) | Entered Factory 13874 | -5/Factory | Evolved 2 slots: Power x1, Utility x1 13875 | -5/Factory | Identified exit to Upper Caves 14560 | -5/Factory | System corruption reached 10% 14685 | -5/Factory | Lost 4 parts (1n1u2w) 14711 | -5/Factory | Sucked down chute 14711 | -5/Factory | Entered Waste 14717 | -5/Waste | Found Broken Adv. Powered Armor 14808 | -5/Waste | Spotted C-40 Crusher 14816 | -5/Waste | Spotted C-40 Crusher 14870 | -5/Waste | Spotted C-40 Crusher 14876 | -5/Waste | Spotted C-40 Crusher 14882 | -5/Waste | Spotted C-40 Crusher 14883 | -5/Waste | Crushed by Compactor (1 part destroyed, 1 dropped) 14890 | -5/Waste | Warlord forces began an assault 14895 | -5/Waste | Allies destroyed C-40 Crusher 14899 | -5/Waste | Allies destroyed C-40 Crusher 14900 | -5/Waste | Allies destroyed C-40 Crusher 14906 | -5/Waste | Allies destroyed C-40 Crusher 14908 | -5/Waste | Allies destroyed C-40 Crusher 14921 | -5/Waste | Found Damper Plating 14930 | -5/Waste | Lost 3 allies 14937 | -5/Waste | Spotted C-40 Crusher 14943 | -5/Waste | Allies destroyed C-40 Crusher 15050 | -5/Waste | Build established: Scavenger-Skirmisher 15248 | -5/Waste | Discovered new exit (range 14) 15350 | -5/Waste | Build established: Scavenger-Tank 15497 | -5/Waste | Identified exit to Factory 15515 | -5/Waste | Entered Factory 15515 | -5/Factory | Accompanied by 15 allies 16042 | -5/Factory | Discovered new exit (range 5) 16049 | -5/Factory | Identified exit to Factory 16218 | -5/Factory | Garrison activated, responded to threat 16280 | -5/Factory | Lost 3 allies 16365 | -5/Factory | Cargo convoy interrupted 16404 | -5/Factory | Lost 7 allies 16444 | -5/Factory | Self-destructed Last Messages --------------- 16432_ Acquired 8 matter. 16432_ Hvy. Treads destroyed. 16433_ U-05 Engineer builds a Wall. 16434_ K-01 Serf collects debris. 16435_ Acquired 20 matter. 16435_ U-05 Engineer lays Concrete. 16436_ U-05 Engineer destroyed. 16436_ Battle Rifle destroyed. 16437_ U-05 Engineer lays Concrete. 16438_ K-01 Serf collects debris. 16438_ U-05 Engineer lays Concrete. 16440_ System corrupted: Heat flow error (+162). 16440_ Neutrino Core destroyed. 16440_ U-05 Engineer lays Concrete. 16440_ System corrupted: Plasma Rifle failed to cycle. 16441_ Hrd. Medium Armor Plating destroyed. 16443_ U-05 Engineer builds a Wall. 16443_ Hpw. Tractor Beam destroyed. [Achievement: I Think I Know What's Going On] Map ----- +----------------------------------------------------+ | ?????????????????????????????????????????????????? | | ?????????????????????????????????????????????????? | | ?????????????????????????????????????????????????? | | ?????????????????????????????????????????????????? | | ?????????????????????????????????????????????????? | | ?????????????????????????????????????????????????? | | ?????????????????????????????????????????????????? | | ??????????????????? ????????????????????????? | | ??????????????????? ??????????????????????? | | ??????????????????? ???????????????????? | | ??????????????????? ?????????????????? | | ???????????????????# !/!g ?????????????????? | | ???????????????????# !g! ??????????????????? | | ???????????????????# /!g = ???????????????????? | | ???????????????????# ????????????????????? | | ???????????????????# ?????????????????????? | | ???????????????????# #?????????????????????? | | ???????????????????# #?????????????????????? | | ???????????????????# #?????????????????????? | | ???????????????????# #?????????????????????? | | ???????????????????# #?????????????????????? | | ???????????????????# #?????????????????????? | | ???????????????????# #?????????????????????? | | ??#?#????###########+## = #?????????????????????? | | ? ? ???# #u % #?????????????????????? | | ? ? ???# # @ # ]???????????????????? | | ?" " "???# """" # ####??????????????????? | | " " "???# """" #| = ???????????????????? | | " " " "?# """ # ! ??????????????????? | | " " " " # """" # ==! ????????????????? | | " " " " # [# x ########???????????????? | | " " " " # """" "" "%# !=#=#????????????????????? | | " " " " #???""" """" #[*=# #??###+??????????????? | | " " " " ?????"" """" #[%[# ? ??????????????? | | " " " "??????"" """"=;%= ## ? " " ??????????????? | | ???? #= #? " " " ??????????????? | | ###/ ################## k##?" " " "?????????????? | | %! # " " " "?????????????? | | = ^ # " " " "?????????????? | | ^ + " " " "?????????????? | | # " " " "?????????????? | | # " " " "?????????????? | | ##/########## =%* #?" " " "?????????????? | | # #? ??????????????? | | * + #??! ?????????????? | | ################??######?????????????? | | #????????????????????????????????????? | | #????????????????????????????????????? | | #????????????????????????????????????? | | #???????####################???###???? | +----------------------------------------------------+ Best States ------------- Heat Dissipation 98 Coolant Potential 80 Energy Generation 33 Energy Capacity 530 Matter Stores 300 Matter Capacity 300 Sight Range 16 Robot Scan Range 15 Terrain Scan Density 10 Armor Coverage 625 Evasion (%) 55 Recoil Reduction 4 Offensive Hacking 24 Defensive Hacking 12 Item Schematics ----------------- Hcp. Storage Unit | -10/Materials | Hacked Imp. Sensor Array | -9/Storage | Hacked Robot Schematics ------------------ None Fabricated ------------ Nothing Repaired ---------- Lgt. Cannon | 22% | -10/Materials Studied --------- None Alien Tech Used ----------------- None Achievements -------------- I Think I Know What's Going On Immobile And Lovin' It Physics Hates This One Trick Uncivil War Challenges ------------ None Game ------ Seed JunkJunkDrivehammer Manual? 0 Play Time 04:08:40 Cumulative 278.6 hours Start 2026.09.11 @ 15:53:11 End 2026.09.14 @ 19:08:05 Sessions 11 Manual Loads 0 Difficulty Rogue Special Mode None Game No. 134 Rogue 134 Adventurer 0 Explorer 0 Win Type - Total 2 Types 2/0/0/0/0/0/0/0/0/0 Lore% 53 Gallery% 59 Achievement% 47 Wizard Run 0 Options --------- Layout 2 ASCII 0 Keyboard 0 Movement Numpad Keybinds 1 Fullscreen 1 Font 32/Terminus Map View 50x44 Zoom Use 0% Tactical HUD 1 Map Filters NONE Filters NONE Steam 1 RUN: 7ecdbe12-b3aa-4d03-b67f-512831c0c0e3